 Dungeon Crawl Stone Soup version 0.22-a0-379-ga9d99d6 (webtiles) character file.

46866 Kairos the Severer (level 14, -1/75 HPs)
             Began as a Vine Stalker Fighter on Apr 28, 2018.
             Was the Champion of Okawaru.
             Slain by an entropy weaver (6 damage)
             ... on level 5 of the Lair of Beasts.
             The game lasted 00:39:49 (14254 turns).

Kairos the Severer (Vine Stalker Fighter)          Turns: 14254, Time: 00:39:52

Health: -1/75      AC: -1    Str: 34    XL:     14   Next: 39%
Magic:  0/16       EV: 12    Int:  8    God:    Okawaru [******]
Gold:   863        SH: 17    Dex: 16    Spells: 13/13 levels left

rFire    x . .     SeeInvis .   Y - +6 broad axe (vamp)
rCold    . . .     Gourm    .   c - +0 shield
rNeg     . . .     Faith    .   i - +0 plate armour "Duamofar" {rPois rF- Str+7 Stlth-} (curse)
rPois    +         Spirit   +   U - +0 hat {MR+}
rElec    .         Reflect  +   (no cloak)
rCorr    .         Harm     .   J - +1 pair of gloves
MR       ++...                  E - +1 pair of boots {Fly}
Stlth    ..........             y - +3 amulet of reflection
HPRegen  1.02/turn              e - +3 ring of evasion
MPRegen  0.15/turn              H - +5 ring of strength

@: corroded, flying, slowed, very slow
A: fangs 3, regeneration 2, magic shield, antimagic bite, no potion heal 3, rot
immunity
a: Heroism, Finesse, Renounce Religion, Stop Flying


You were on level 5 of the Lair of Beasts.
You worshipped Okawaru.
Okawaru was exalted by your worship.
You were not hungry.

You visited 2 branches of the dungeon, and saw 16 of its levels.
You also visited: Sewer, Ossuary, Ice Cave and Volcano.

You collected 1151 gold pieces.
You spent 288 gold pieces at shops.

Inventory:

Hand Weapons
 a - a +0 broad axe of flaming
 I - a +4 demon trident of venom
 Y - a +6 vampiric broad axe (weapon)
Missiles
 u - 3 throwing nets (quivered)
Armour
 b - a +0 chain mail of fire resistance
 c - a +0 shield (worn)
 i - the cursed +0 plate armour "Duamofar" (worn) {rPois rF- Str+7 Stlth-}
   (You found it in an ice cave)

   It affects your strength (+7).
   It makes you vulnerable to fire.
   It protects you from poison.
   It makes you less stealthy.
   It has a curse placed upon it.
 E - a +1 pair of boots of flying (worn)
 J - a +1 pair of gloves (worn)
 U - a +0 hat of magic resistance (worn)
Jewellery
 e - a +3 ring of evasion (left hand)
 n - an uncursed ring of ice
 o - an uncursed ring of ice
 y - a +3 amulet of reflection (around neck)
 B - an uncursed ring of see invisible
 F - an uncursed amulet of rage
 H - a +5 ring of strength (right hand)
 S - an uncursed ring of magical power
Wands
 C - a wand of iceblast (6)
 K - a wand of digging (18)
 R - a wand of acid (38)
 T - a wand of polymorph (17)
 Z - a wand of disintegration (27)
Scrolls
 k - 2 scrolls of fog
 m - 5 scrolls of immolation
 p - 4 scrolls of amnesia
 r - a scroll of enchant weapon
 s - 3 scrolls of blinking
 t - 10 scrolls of remove curse
 v - a scroll of identify
 z - 14 scrolls of teleportation
 A - a scroll of noise {unknown}
 G - a scroll of magic mapping
 M - 3 scrolls of fear
 P - 3 scrolls of enchant armour {unknown}
Potions
 d - 3 potions of might
 g - 4 potions of cancellation
 j - a potion of agility
 l - 4 potions of curing
 q - 5 potions of magic
 w - 2 potions of invisibility
 x - 2 potions of lignification {unknown}
 D - 3 potions of mutation
 L - 5 potions of haste {unknown}
 N - 3 potions of flight {unknown}
 V - a potion of brilliance {unknown}
 W - a potion of resistance {unknown}
 X - 2 potions of berserk rage {unknown}
Miscellaneous
 h - a lamp of fire
Comestibles
 f - 22 rations
 O - a chunk of flesh


   Skills:
 + Level 9.3 Fighting
 + Level 15.0 Axes
 + Level 8.2 Armour
 + Level 3.5 Dodging
 + Level 1.9 Stealth
 + Level 10.7 Shields
 + Level 1.8 Invocations
 + Level 1.2 Evocations


You had 13 spell levels left.
You didn't know any spells.

Dungeon Overview and Level Annotations

Branches:
Dungeon (11/15)            Temple (0/1) D:5            Lair (5/6) D:11
 Shoals (0/4) Lair:4       Spider (0/4) Lair:3          Orc (0/2) D:10
  Slime: Lair:5-6

Altars:
Ashenzari
Cheibriados
Fedhas
Gozag
Nemelex Xobeh
Okawaru
Qazlal
Ru
Xom
Yredelemnul
Beogh

Shops:
D:10 ((%%(

Annotations:
D:6 exclusion: oklob plant
Lair:5 Nessos


Innate Abilities, Weirdness & Mutations

You have razor-sharp teeth.
You heal very quickly.
When hurt, damage is shared between your health and your magic reserves.
Your bite disrupts and absorbs the magic of your enemies.
Potions cannot restore your health.
You are immune to rotting.


Message History

The entropic weave corrodes you! The wraith hits you!
The wraith drains your vigour!
You feel yourself slow down. The wraith hits you!
* * * LOW HITPOINT WARNING * * *
The wraith drains your vigour!
You feel as though you will be slow longer.
The worker ant twitches its antennae in your direction.
You hit the entropy weaver but do no damage.
Your bite misses the entropy weaver.
The entropy weaver is heavily wounded.
You slash the wraith! You hit the wraith but do no damage.
You block the entropy weaver's attack. x2; The entropy weaver hits you.
* * * LOW HITPOINT WARNING * * *
The entropy weaver hits you!
* * * LOW HITPOINT WARNING * * *
The wraith misses you. You block the wraith's attack.
The entropy weaver hits you.
* * * LOW HITPOINT WARNING * * *
The entropy weaver hits you!
You die...

..aaa. .... ..............
.#../# ... .............#.
#..a ... ..............##
.... ..........P..#.. #a
...........P..# #.
#.#.#.....##.# ##.
#..#..††...P.###.####.#.#
................@W.†...#
....#..........a.W.....#
....##.....#.#.#..........
##.##....###..P.#P.......
##...#....................
..........................
....................>.....
..........................
......................


You could see an entropy weaver, 2 wraiths and a worker ant.

Vanquished Creatures
  Gastronok (Lair:1)
  A stone giant (Volcano)
  An entropy weaver (Lair:5)
  Josephine (Lair:5)
  Fannar (Lair:2)
  2 hydras
  A centaur warrior (D:11)
  2 two-headed ogres (D:8)
  A queen ant (Lair:4)
  5 death yaks (Lair:4)
  An unseen horror (D:10)
  Pikel (D:6)
  2 orc knights (D:10)
  2 ugly things (IceCv)
  6 elephants (Lair:2)
  3 merfolk sirens (Lair:4)
  4 black mambas
  3 ice statues (IceCv)
  2 molten gargoyles (Volcano)
  4 spiny frogs
  A rime drake (Lair:5)
  2 komodo dragons
  An efreet (Volcano)
  A merfolk (Lair:4)
  3 hornets
  Prince Ribbit (Lair:1)
  A troll (D:11)
  5 slime creatures (D:9)
  12 blink frogs
  3 hippogriffs
  3 wraiths (Lair:5)
  A vampire (D:11)
  2 basilisks
  3 fire elementals (Volcano)
  38 yaks
  A hungry ghost (D:9)
  7 fire bats (Volcano)
  Edmund (D:6)
  5 soldier ants
  8 water moccasins
  2 hell hounds (Lair:2)
  8 porcupines
  4 orc warriors
  4 sky beasts
  9 ice beasts
  2 black bears
  17 wolves
  3 ogres
  4 centaurs
  4 crocodiles
  4 big kobolds
  11 bullfrogs
  An earth elemental (Volcano)
  An elf zombie (Ossuary)
  A wyvern skeleton (D:9)
  A scorpion (D:7)
  6 killer bees
  2 electric eels
  9 wights
  3 howler monkeys
  4 centaur zombies
  7 lava snakes (Volcano)
  3 bullfrog zombies
  7 crimson imps
  8 hounds
  2 centaur skeletons
  5 jellies
  6 orc priests
  2 human zombies (Ossuary)
  7 orc wizards
  Jessica (D:2)
  4 iguanas
  15 worker ants
  A hound zombie (D:10)
  2 hound skeletons
  2 mummies (Ossuary)
  2 worker ant zombies
  2 howler monkey skeletons
  11 gnolls
  21 adders
  A shadow imp (D:5)
  4 oozes (Sewer)
  An adder skeleton (D:4)
  2 worms
  7 leopard geckos
  48 orcs
  5 giant cockroaches
  9 goblins
  10 hobgoblins
  21 jackals
  10 quokkas
  3 ball pythons
  A bat (D:3)
  7 frilled lizards
  10 hobgoblin zombies (Ossuary)
  A jackal zombie (Ossuary)
  23 kobolds
  7 kobold zombies (Ossuary)
  A leopard gecko skeleton (D:8)
  11 orc zombies (Ossuary)
  A quokka skeleton (D:4)
  A quokka zombie (D:5)
  10 rats
  3 rat zombies (Ossuary)
  2 fungi
  A plant (Lair:4)
551 creatures vanquished.

Vanquished Creatures (others)
  A rat (Sewer)
  4 fungi (Lair:5)
  2 plants
7 creatures vanquished.

Grand Total: 558 creatures vanquished

Notes
Turn   | Place    | Note
-------+----------+-------------------------------------------
     0 | D:1      | Kairos the Vine Stalker Fighter began the quest for the Orb.
     0 | D:1      | Reached XP level 1. HP: 11/11 MP: 2/2
   232 | D:1      | Reached skill level 2 in Axes
   232 | D:1      | Reached XP level 2. HP: 13/16 MP: 3/3
   826 | D:2      | Noticed Jessica
   834 | D:2      | Killed Jessica
   834 | D:2      | Reached XP level 3. HP: 20/20 MP: 4/4
   933 | D:2      | Gained mutation: Your natural rate of healing is unusually fast. [Vine Stalker growth]
   933 | D:2      | Reached XP level 4. HP: 22/24 MP: 5/5
  1487 | D:3      | Reached skill level 3 in Axes
  1489 | D:3      | Reached XP level 5. HP: 28/28 MP: 6/6
  1517 | D:3      | Found a sparkling altar of Nemelex Xobeh.
  1518 | D:3      | Found a sacrificial altar of Ru.
  1520 | D:3      | Found a basalt altar of Yredelemnul.
  1647 | D:3      | Found a snail-covered altar of Cheibriados.
  1652 | D:3      | Found a shimmering altar of Xom.
  1973 | D:3      | Found an opulent altar of Gozag.
  1977 | D:3      | Found an iron altar of Okawaru.
  1985 | D:3      | Became a worshipper of Warmaster Okawaru
  1996 | D:3      | Reached XP level 6. HP: 32/32 MP: 7/7
  2435 | D:4      | Reached skill level 4 in Axes
  2711 | D:4      | Reached skill level 1 in Stealth
  2713 | D:4      | Reached XP level 7. HP: 25/36 MP: 8/8
  3064 | D:4      | Reached skill level 1 in Dodging
  3305 | D:5      | Entered Level 5 of the Dungeon
  3313 | D:5      | Reached * piety under Okawaru
  3509 | D:5      | Reached skill level 5 in Axes
  3597 | D:5      | Found a staircase to the Ecumenical Temple.
  4030 | D:6      | Found a glowing drain.
  4034 | Sewer    | Entered a sewer
  4279 | Sewer    | Gained mutation: You have razor-sharp teeth. [Vine Stalker growth]
  4279 | Sewer    | Reached XP level 8. HP: 42/42 MP: 9/9
  4391 | D:6      | Reached ** piety under Okawaru
  4402 | D:6      | Noticed Pikel
  4422 | D:6      | Killed Pikel
  4422 | D:6      | Reached skill level 6 in Axes
  4422 | D:6      | Reached skill level 5 in Shields
  4427 | D:6      | Reached *** piety under Okawaru
  4463 | D:6      | Noticed Edmund
  4470 | D:6      | Killed Edmund
  4470 | D:6      | Reached skill level 7 in Axes
  4470 | D:6      | Reached XP level 9. HP: 42/46 MP: 10/10
  4714 | D:6      | Found a blossoming altar of Fedhas.
  4737 | D:6      | Noticed an oklob plant
  4984 | D:7      | Found a sand-covered staircase.
  4993 | Ossuary  | Entered an ossuary
  5091 | Ossuary  | Reached skill level 5 in Fighting
  5296 | D:7      | Reached skill level 8 in Axes
  5509 | D:7      | Found a shattered altar of Ashenzari.
  5658 | D:7      | Reached **** piety under Okawaru
  6075 | D:8      | Noticed a two-headed ogre
  6088 | D:8      | Killed a two-headed ogre
  6088 | D:8      | Reached skill level 9 in Axes
  6088 | D:8      | Reached XP level 10. HP: 45/51 MP: 11/11
  6216 | D:8      | Reached skill level 5 in Armour
  6417 | D:8      | Found a stormy altar of Qazlal.
  6449 | D:8      | Reached ***** piety under Okawaru
  6534 | D:8      | Noticed a two-headed ogre
  6546 | D:8      | Killed a two-headed ogre
  6909 | D:9      | Reached skill level 10 in Axes
  7210 | D:9      | Reached XP level 11. HP: 33/56 MP: 9/12
  7449 | D:9      | Received a gift from Okawaru
  7645 | D:10     | Entered Level 10 of the Dungeon
  7767 | D:10     | Noticed an unseen horror
  7780 | D:10     | Killed an unseen horror
  7780 | D:10     | Reached skill level 11 in Axes
  7822 | D:10     | Found Jieh's Weapon Shop.
  7878 | D:10     | Found Vurobbuj's Food Shop.
  7980 | D:10     | Paralysed by a hornet for 2 turns
  8086 | D:10     | Reached skill level 1 in Evocations
  8145 | D:10     | Found Roatt's Weapon Shoppe.
  8152 | D:10     | Found Uzxyled's Food Shoppe.
  8165 | D:10     | Reached ****** piety under Okawaru
  8173 | D:10     | Found a roughly hewn altar of Beogh.
  8173 | D:10     | Found a staircase to the Orcish Mines.
  8173 | D:10     | Noticed an orc knight
  8176 | D:10     | Noticed an orc knight
  8190 | D:10     | Bought a +2 vampiric broad axe for 288 gold pieces
  8220 | D:9      | Identified a scroll of acquirement
  8326 | D:10     | Killed an orc knight
  8329 | D:10     | Found Ajaiz's Weapon Shop.
  8385 | D:10     | Killed an orc knight
  8412 | D:10     | Received a gift from Okawaru
  8919 | D:11     | Noticed a centaur warrior
  8926 | D:11     | Gained mutation: You heal very quickly. [Vine Stalker growth]
  8926 | D:11     | Reached XP level 12. HP: 62/62 MP: 10/13
  8930 | D:11     | Killed a centaur warrior
  9070 | D:11     | Reached skill level 12 in Axes
  9109 | D:11     | Found a staircase to the Lair.
  9901 | Lair:1   | Entered Level 1 of the Lair of Beasts
 10003 | Lair:1   | Noticed Gastronok
 10030 | Lair:1   | Killed Gastronok
 10030 | Lair:1   | Received a gift from Okawaru
 10066 | Lair:1   | Noticed Prince Ribbit
 10081 | Lair:1   | Killed Prince Ribbit
 10695 | Lair:2   | Noticed Fannar
 10707 | Lair:2   | Killed Fannar
 10748 | Lair:2   | Found a dark tunnel.
 10755 | Volcano  | Entered a volcano
 10783 | Volcano  | Reached skill level 1 in Invocations
 10873 | Volcano  | Found a bloodstained altar of Trog.
 10883 | Volcano  | Reached skill level 13 in Axes
 10904 | Volcano  | Reached XP level 13. HP: 50/68 MP: 10/14
 10927 | Volcano  | Noticed a stone giant
 10941 | Volcano  | Killed a stone giant
 10941 | Volcano  | Reached skill level 10 in Shields
 11131 | Lair:2   | Found a frozen archway.
 11142 | IceCv    | Entered an ice cave
 11180 | IceCv    | Received a gift from Okawaru
 11415 | IceCv    | Got a pearl-encrusted plate armour
 11434 | IceCv    | Identified the cursed +0 plate armour "Duamofar" {rPois rF- Str+7 Stlth-} (You found it in an ice cave)
 11857 | Lair:2   | Received a gift from Okawaru
 12404 | Lair:3   | Reached skill level 14 in Axes
 12553 | Lair:3   | Found a hole to the Spider Nest.
 13393 | Lair:4   | Reached XP level 14. HP: 64/74 MP: 16/16
 13428 | Lair:4   | Found a staircase to the Shoals.
 14060 | Lair:5   | Noticed an entropy weaver
 14060 | Lair:5   | Noticed an entropy weaver
 14062 | Lair:5   | Noticed Nessos
 14227 | Lair:5   | Killed an entropy weaver
 14234 | Lair:5   | Noticed Josephine
 14242 | Lair:5   | Reached skill level 15 in Axes
 14246 | Lair:5   | Killed Josephine
 14254 | Lair:5   | Slain by an entropy weaver

Vault maps used:
D:1:      dpeg_arrival_simpleton_c, minmay_octomino_j4
D:2:      minmay_misc_feat_four_crosses, minmay_distorted, uniq_jessica
D:3:      grunt_temple_overflow_open, minitemple, minmay_quantized
D:4:      first_ration
D:5:      minmay_temple_entry_junction
D:6:      portal_sewer_entry_d, minivault_11, tgw_fedhas, uniq_pikel,
          uniq_edmund
D:7:      lemuel_round_altar, lightli_ossuary_entry_decrepit_ruins
D:8:      cheibrodos_helix_gallery, grunt_qazlal_clouds
D:10:     david_orc_5, serial_shops, shop, nicolae_shop_crystal,
          kennysheep_mini_moat, shop, shop, hangedman_pestilent_swarm,
          kennysheep_nondescript
D:11:     erik_lair_island
Lair:1:   grunt_forest_stairs_basic, serial_bayou_shore_a, uniq_prince_ribbit2,
          uniq_gastronok
Lair:2:   enter_volcano_3, portal_ice_cave_entry_pillars_2, lemuel_fruit_fields,
          uniq_fannar
Lair:3:   spider_nest_entry_web_field
Lair:4:   elwin_shoals_entry_stream
Lair:5:   minmay_another_anthill, uniq_nessos, uniq_josephine, uniq_kirke
Sewer:    sewer_co_15_rooms
Ossuary:  ossuary_tomb_1
IceCv:    ice_cave_statue_garden_chambered
Volcano:  volcano_grotto

Skill      XL: |  1  2  3  4  5  6  7  8  9 10 11 12 13 14 |
---------------+-------------------------------------------+-----
Axes           | 2 3 4 5 7 9 10 11 13 14 15 | 15.0
Fighting       | 3 4 5 6 7 8 9 |  9.3
Shields        | 3 4 5 6 8 9 10 | 10.7
Armour         | 3 4 5 6 7 8 |  8.2
Stealth        | 1 |  1.9
Dodging        | 1 2 3 |  3.5
Evocations     | 1 |  1.2
Invocations    | 1 |  1.8

Action                   |  1- 3 |  4- 6 |  7- 9 | 10-12 | 13-15 || total
-------------------------+-------+-------+-------+-------+-------++-------
Melee: War axe           |    69 |   185 |   419 |   335 |       ||  1008
       Bite              |    15 |    54 |   135 |   267 |   161 ||   632
       Broad axe         |       |       |       |   280 |   346 ||   626
Invok: Heroism           |       |       |     2 |     5 |     5 ||    12
       Finesse           |       |       |       |       |     1 ||     1
 Abil: Evoke Berserk Rag |       |       |       |     1 |       ||     1
Evoke: Wand              |       |     2 |     6 |     4 |     2 ||    14
  Use: Scroll            |       |       |    11 |    13 |     5 ||    29
 Stab: Paralysed         |       |     2 |       |       |       ||     2
  Eat: Chunk             |       |     6 |    12 |    12 |     7 ||    37
       Ration            |       |       |       |     5 |     4 ||     9
Armor: Scale mail        |     9 |       |       |       |       ||     9
       Chain mail        |    16 |    82 |   141 |   161 |    23 ||   423
       Plate armour      |       |       |       |       |    88 ||    88
Dodge: Dodged            |    21 |    72 |   103 |   223 |   115 ||   534
Block: Shield            |    37 |   117 |   287 |   394 |   254 ||  1089
       Reflection        |       |       |    16 |     9 |     1 ||    26

Table legend:
 A = Spawn XP
 B = Non-spawn XP
 C = Spawn XP percentage of total XP
 D = Spawn monster count
 E = Non-spawn monster count
 F = Spawn count percentage of total count
 G = Total turns spent on level
                    A         B        C        D         E        F      G
               +---------+---------+-------+---------+---------+-------+---------
         Total |       0 |   66952 |   0.0 |       0 |     549 |   0.0 | 14254
               +---------+---------+-------+---------+---------+-------+---------
           D:1 |       0 |      18 |   0.0 |       0 |      12 |   0.0 |   714
           D:2 |       0 |     141 |   0.0 |       0 |      21 |   0.0 |   755
           D:3 |       0 |     213 |   0.0 |       0 |      43 |   0.0 |   851
           D:4 |       0 |     317 |   0.0 |       0 |      25 |   0.0 |   985
           D:5 |       0 |     317 |   0.0 |       0 |      22 |   0.0 |   681
           D:6 |       0 |    1437 |   0.0 |       0 |      26 |   0.0 |   665
           D:7 |       0 |    1183 |   0.0 |       0 |      26 |   0.0 |   873
           D:8 |       0 |    3573 |   0.0 |       0 |      28 |   0.0 |   713
           D:9 |       0 |    4520 |   0.0 |       0 |      42 |   0.0 |  1030
          D:10 |       0 |    5538 |   0.0 |       0 |      59 |   0.0 |   986
          D:11 |       0 |    3917 |   0.0 |       0 |      26 |   0.0 |  1133
        Lair:1 |       0 |    4599 |   0.0 |       0 |      12 |   0.0 |   771
        Lair:2 |       0 |   11531 |   0.0 |       0 |      47 |   0.0 |  1094
        Lair:3 |       0 |    4466 |   0.0 |       0 |      20 |   0.0 |   770
        Lair:4 |       0 |    8499 |   0.0 |       0 |      17 |   0.0 |   898
        Lair:5 |       0 |    7699 |   0.0 |       0 |      30 |   0.0 |   188
         Sewer |       0 |     301 |   0.0 |       0 |      21 |   0.0 |   298
       Ossuary |       0 |     337 |   0.0 |       0 |      39 |   0.0 |   217
         IceCv |       0 |    3255 |   0.0 |       0 |      11 |   0.0 |   326
       Volcano |       0 |    5091 |   0.0 |       0 |      22 |   0.0 |   306
               +---------+---------+-------+---------+---------+-------+---------
